 Dungeon Crawl Stone Soup version 0.31.0-32-g396128a36d (webtiles) character file.

Game seed: 18078967001432861063

76 Gadfly the Shield-Bearer (level 4, -1/28 HPs)
             Began as a Gargoyle Fighter on Mar 9, 2024.
             Frozen to death by an endoplasm (4 damage)
             ... on level 2 of the Dungeon.
             The game lasted 00:01:11 (769 turns).

Gadfly the Shield-Bearer (Gargoyle Fighter)          Turns: 769, Time: 00:01:12

Health: -1/28      AC: 13    Str: 20    XL:     4   Next: 32%
Magic:  5/5        EV:  9    Int:  8    God:
Gold:   62         SH:  4    Dex: 11    Spells: 3/3 levels left

rFire   . . .        b - +1 dagger (venom)
rCold   . . .        c - +0 buckler
rNeg    + . .        f - +0 scale mail
rPois   ∞            i - +1 helmet
rElec   +            (no cloak)
rCorr   .            (no gloves)
SInv    .            g - +0 pair of boots
Will    .....        (no amulet) Stlth
                     (no ring)
HPRegen 0.24/turn    (no ring)
MPRegen 0.09/turn

%: no passive effects
@: no status effects
A: sickness immunity, AC +3, negative energy resistance 1, electricity
resistance, torment resistance 1, petrification resistance
a: no special abilities


You were on level 2 of the Dungeon.
You visited 1 branch of the dungeon, and saw 2 of its levels.

You collected 62 gold pieces.

Inventory:

Hand Weapons
 a - a +0 flail
 b - a +1 dagger of venom (weapon)
Armour
 c - a +0 buckler (worn)
 f - a +0 scale mail (worn)
 g - a +0 pair of boots (worn)
 i - a +1 helmet (worn)
Scrolls
 e - a scroll of revelation {unknown}
 l - a scroll of enchant weapon {unknown}
Potions
 d - a potion of might
 h - a potion of attraction {unknown}
 j - a potion of brilliance {unknown}
 k - 2 potions of cancellation {unknown}
 m - a potion of haste {unknown}
 n - a potion of magic {unknown}


   Skills:
 + Level 3.5 Fighting
 * Level 2.6 Maces & Flails
 + Level 3.5 Armour
 + Level 3.5 Shields
 * Level 1.8 Invocations
 * Level 1.4 Evocations


You had 3 spell levels left.
You didn't know any spells.
Your spell library contained the following spells:

 Spells                   Type           Power      Damage    Failure   Level
 Gell's Gravitas          Tloc           0%         N/A       99%         3
 Swiftness                Air            0%         N/A       99%         3
 Teleport Other           Tloc           0%         N/A       99%         3
 Airstrike                Air            0%         2d(0-16)  100%        4
 Death Channel            Necr           0%         N/A       100%        6
 Dispersal                Tloc           0%         N/A       100%        6


Dungeon Overview and Level Annotations

Branches:
Dungeon (2/15)

Altars:


Innate Abilities, Weirdness & Mutations

You are immune to sickness and miasma.
Your stone body is resilient. (AC +3)
You are immune to poison.
You resist negative energy. (rN+)
You are resistant to electric shocks. (rElec)
You are resistant to unholy torment.
You are immune to petrification.


Message History

You are too injured to fight recklessly!
You are too injured to fight recklessly!
You are too injured to fight recklessly!
You are too injured to fight recklessly!
You are too injured to fight recklessly!
You are too injured to fight recklessly!
You are too injured to fight recklessly!
You are too injured to fight recklessly!
You are too injured to fight recklessly!
You are too injured to fight recklessly!
You are too injured to fight recklessly!
You are too injured to fight recklessly!
You are too injured to fight recklessly!
You are too injured to fight recklessly!
You are too injured to fight recklessly!
You are too injured to fight recklessly!
Unknown command.
The endoplasm freezes you.
You are frozen.
You hit the endoplasm but do no damage. The endoplasm freezes you.
You are frozen.
* * * LOW HITPOINT WARNING * * *
You hit the endoplasm.
The endoplasm is moderately wounded.
The endoplasm hits you but does no damage.
You barely miss the endoplasm.
The endoplasm is moderately wounded.
You block the endoplasm's attack.
You hit the endoplasm.
The endoplasm is heavily wounded.
The endoplasm hits you but does no damage.
The endoplasm freezes you.
You are frozen.
* * * LOW HITPOINT WARNING * * *
You hit the endoplasm.
The endoplasm is poisoned.
The endoplasm is severely wounded.
The endoplasm freezes you.
You are frozen.
You die...

### #.# ########## ######
#.# .........###....####.#
.....................#
.....|...###.##.#.##.#
...<.....# #.##......###
.........###.###.......#
........gJ@..# #.......#
.....[...###.###.......#
...?..$..# #...........#
.........# #.###..######
.........###.#.#.#### .
...........#.#.#....# ####.
.........#.....####.###....
...########.##.###.........
... ....................


You could see an endoplasm (very poisoned) and a goblin.

Vanquished Creatures
  Terence (D:2)
  Robin (D:2)
  An adder (D:2)
  A dart slug (D:1)
  4 hobgoblins
  A kobold (D:2)
  A quokka (D:2)
  6 bats
  A frilled lizard (D:1)
  10 goblins
  3 rats
30 creatures vanquished.

Notes
Turn   | Place    | Note
-------+----------+-------------------------------------------
     0 | D:1      | Gadfly the Gargoyle Fighter began the quest for the Orb.
     0 | D:1      | Reached XP level 1. HP: 14/14 MP: 1/1
   252 | D:1      | Reached XP level 2. HP: 19/19 MP: 2/2
   449 | D:1      | You fall into a shaft and drop 1 floor!
   462 | D:2      | Noticed Terence
   470 | D:2      | Killed Terence
   471 | D:2      | Reached skill level 1 in Invocations
   471 | D:2      | Reached skill level 1 in Evocations
   471 | D:2      | Reached XP level 3. HP: 18/23 MP: 3/3
   476 | D:2      | Noticed Robin
   506 | D:2      | Reached XP level 4. HP: 8/28 MP: 5/5
   611 | D:2      | Killed Robin
   727 | D:2      | Got the Collected Works on the Wind and Ectoplasm
   769 | D:2      | Frozen to death by an endoplasm

Illustrated notes

Levels and vault maps discovered:
D:1:      minmay_arrival_nine_rooms, layout_loops_ring
D:2:      layout_basic, basic_altar, uniq_terence, uniq_robin, uniq_jessica

Skill      XL: |  1  2 |
---------------+-------+-----
Invocations    | 1 |  1.8
Evocations     | 1 |  1.4
Fighting       | |  3.5
Maces & Flails | |  2.6
Armour         | |  3.5
Shields        | |  3.5

Action                     |  1- 3 |  4- 6 || total
---------------------------+-------+-------++-------
  Melee: Flail             |    32 |       ||    32
         Dagger            |    37 |    35 ||    72
    Use: Scroll            |     1 |       ||     1
 Armour: Scale mail        |    66 |    30 ||    96
  Dodge: Dodged            |    45 |    17 ||    62
  Block: Buckler           |    18 |     8 ||    26
